TOP OF THE 1ST |
Houston (WIN) Astros batting - Pitching for New York (WIN) Yankees : LHP Nick Turner
|
Pitching: LHP Nick Turner
|
|
Batting: LHB Bob Dietz
|
0-0: Called Strike 0-1: Reached on error, E7 (Line Drive, 7S, EV 109.4 MPH)
|
Batting: LHB Josh Corkery
|
0-0: Foul Ball, location: 2F 0-1: Ball 1-1: Fly out, F7 (Flyball, 78S, EV 75.6 MPH)
|
Batting: RHB Elijah Hunter
|
0-0: Ball 1-0: Called Strike 1-1: Ball 2-1: Foul Ball, location: 2F 2-2: Ball 3-2: Grounds into double play, 6-4-3 (Groundball, 56, EV 98.1 MPH)
|
Top of the 1st over - 0 runs, 0 hits, 1 error, 0 left on base; Houston (WIN) 0 - New York (WIN) 0 |
BOTTOM OF THE 1ST |
New York (WIN) Yankees batting - Pitching for Houston (WIN) Astros : RHP Josh Willig
|
Pitching: RHP Josh Willig
|
|
Batting: SHB Jay Gagnon
|
0-0: Called Strike 0-1: Foul Ball, location: 2F 0-2: Ball 1-2: Ground out U3 (Groundball, 23, EV 87.5 MPH)
|
Batting: RHB Bryan Westray
|
0-0: SINGLE (Groundball, 56D, EV 95.0 MPH)
|
Batting: SHB Mukhtar Wa'il
|
0-0: Ball Bryan Westray steals 2nd base (no throw) 1-0: Called Strike 1-1: Ball 2-1: Ground out 4-3 (Groundball, 4S, EV 86.9 MPH) Bryan Westray to third
|
Batting: LHB Jared Zulkowski
|
0-0: Ball 1-0: Ground out 3-1 (Groundball, 13, EV 81.2 MPH)
|
Bottom of the 1st over - 0 runs, 1 hit, 0 errors, 1 left on base; Houston (WIN) 0 - New York (WIN) 0 |
TOP OF THE 2ND |
Houston (WIN) Astros batting - Pitching for New York (WIN) Yankees : LHP Nick Turner
|
Batting: LHB Mark Dearth
|
0-0: Called Strike 0-1: Fly out, F8 (Flyball, 8LS, EV 88.8 MPH)
|
Batting: LHB Jimmy Edlin
|
0-0: Ball 1-0: Ball 2-0: Ground out 5-3 (Groundball, 56, EV 93.8 MPH)
|
Batting: RHB Alex Campos
|
0-0: Swinging Strike 0-1: Ball 1-1: Ball 2-1: Ball 3-1: DOUBLE (Flyball, 89D, EV 109.4 MPH)
|
Batting: RHB Omar Amaya
|
0-0: Foul Ball, location: 2F 0-1: Ball 1-1: Foul Ball, location: 2F 1-2: Ball 2-2: 2-RUN HOME RUN (Flyball, 78XD, EV 105.6 MPH), Distance : 431 ft
|
Batting: LHB Bob Govella
|
0-0: Foul Ball, location: 2F 0-1: Called Strike 0-2: Foul Ball, location: 2F 0-2: Ball 1-2: Strikes out looking
|
Top of the 2nd over - 2 runs, 2 hits, 0 errors, 0 left on base; Houston (WIN) 2 - New York (WIN) 0 |
BOTTOM OF THE 2ND |
New York (WIN) Yankees batting - Pitching for Houston (WIN) Astros : RHP Josh Willig
|
Batting: RHB Sam Hubbert
|
0-0: Foul Ball, location: 2F 0-1: Ball 1-1: Called Strike 1-2: Strikes out swinging
|
Batting: SHB David Stewart
|
0-0: Ball 1-0: Foul Ball, location: 2F 1-1: Swinging Strike 1-2: Strikes out swinging
|
Batting: RHB Phil Reeves
|
0-0: Ball 1-0: Swinging Strike 1-1: SINGLE (Groundball, 3D, EV 103.8 MPH)
|
Batting: SHB Houston Phillips
|
0-0: Ball 1-0: Called Strike 1-1: Ball 2-1: Foul Ball, location: 2F 2-2: Ball 3-2: Strikes out looking
|
Bottom of the 2nd over - 0 runs, 1 hit, 0 errors, 1 left on base; Houston (WIN) 2 - New York (WIN) 0 |
TOP OF THE 3RD |
Houston (WIN) Astros batting - Pitching for New York (WIN) Yankees : LHP Nick Turner
|
Batting: RHB Patrick Pinault
|
0-0: Ball 1-0: Swinging Strike 1-1: Ball 2-1: Ball 3-1: Base on Balls
|
Batting: LHB Bob Dietz
|
0-0: Ball 1-0: Foul Ball, location: 2F 1-1: Ground out 4-3 (Groundball, 34, EV 102.5 MPH) Patrick Pinault to second
|
Batting: LHB Josh Corkery
|
0-0: Ball 1-0: Ball 2-0: Ball 3-0: Base on Balls
|
Batting: RHB Elijah Hunter
|
0-0: Called Strike Patrick Pinault is caught stealing 3rd base 2-5 Josh Corkery to second 0-1: Ball 1-1: Swinging Strike 1-2: Strikes out swinging
|
Top of the 3rd over - 0 runs, 0 hits, 0 errors, 1 left on base; Houston (WIN) 2 - New York (WIN) 0 |
BOTTOM OF THE 3RD |
New York (WIN) Yankees batting - Pitching for Houston (WIN) Astros : RHP Josh Willig
|
Batting: RHB Christian Shearer
|
0-0: Fly out, F8 (Flyball, 8LS, EV 91.9 MPH)
|
Batting: SHB Jay Gagnon
|
0-0: Ball 1-0: Foul Ball, location: 2F 1-1: Ball 2-1: Swinging Strike 2-2: Strikes out swinging
|
Batting: RHB Bryan Westray
|
0-0: Swinging Strike 0-1: Ground out 5-3 (Groundball, 5L, EV 88.1 MPH)
|
Bottom of the 3rd over - 0 runs, 0 hits, 0 errors, 0 left on base; Houston (WIN) 2 - New York (WIN) 0 |
TOP OF THE 4TH |
Houston (WIN) Astros batting - Pitching for New York (WIN) Yankees : LHP Nick Turner
|
Batting: LHB Mark Dearth
|
0-0: Ball 1-0: Swinging Strike 1-1: Foul Ball, location: 2F 1-2: Ball 2-2: Fly out, F8 (Flyball, 8LD, EV 104.4 MPH)
|
Batting: LHB Jimmy Edlin
|
0-0: Ball 1-0: Ground out 6-3 (Groundball, 56, EV 86.9 MPH)
|
Batting: RHB Alex Campos
|
0-0: Ball 1-0: Ball 2-0: Foul Ball, location: 2F 2-1: Ball 3-1: Hit by Pitch
|
Batting: RHB Omar Amaya
|
0-0: Ball 1-0: Called Strike 1-1: Ball Wild Pitch! Alex Campos to second 2-1: Foul Ball, location: 2F 2-2: Foul Ball, location: 2F 2-2: Ball 3-2: Base on Balls
|
Batting: LHB Bob Govella
|
0-0: Swinging Strike 0-1: Ball 1-1: Ball 2-1: Called Strike 2-2: Fly out, F8 (Flyball, 8RM, EV 83.8 MPH)
|
Top of the 4th over - 0 runs, 0 hits, 0 errors, 2 left on base; Houston (WIN) 2 - New York (WIN) 0 |
BOTTOM OF THE 4TH |
New York (WIN) Yankees batting - Pitching for Houston (WIN) Astros : RHP Josh Willig
|
Batting: SHB Mukhtar Wa'il
|
0-0: Ball 1-0: Called Strike 1-1: Fly out, F7 (Flyball, 7LS, EV 84.4 MPH)
|
Batting: LHB Jared Zulkowski
|
0-0: Ball 1-0: Ground out 6-3 (Groundball, 6M, EV 83.8 MPH)
|
Batting: RHB Sam Hubbert
|
0-0: Ball 1-0: Ball 2-0: Called Strike 2-1: SINGLE (Flyball, 4D, EV 96.2 MPH)
|
Batting: SHB David Stewart
|
0-0: Ball 1-0: Ball 2-0: Called Strike 2-1: Ball 3-1: Called Strike 3-2: Base on Balls Sam Hubbert to second
|
Batting: RHB Phil Reeves
|
0-0: Fly out, F7 (Flyball, 7, EV 83.8 MPH)
|
Bottom of the 4th over - 0 runs, 1 hit, 0 errors, 2 left on base; Houston (WIN) 2 - New York (WIN) 0 |
TOP OF THE 5TH |
Houston (WIN) Astros batting - Pitching for New York (WIN) Yankees : LHP Nick Turner
|
Batting: RHB Patrick Pinault
|
0-0: Ground out 6-3 (Groundball, 6, EV 95.0 MPH)
|
Batting: LHB Bob Dietz
|
0-0: Foul Ball, location: 2F 0-1: Ball 1-1: Ball 2-1: Foul Ball, location: 2F 2-2: Strikes out looking
|
Batting: LHB Josh Corkery
|
0-0: Ball 1-0: Ball 2-0: Called Strike 2-1: SINGLE (Groundball, 34D, EV 102.5 MPH)
|
Batting: RHB Elijah Hunter
|
0-0: Called Strike 0-1: Ball 1-1: Ball 2-1: Called Strike 2-2: Ball Josh Corkery steals 2nd base 3-2: Intentional Walk
|
Batting: LHB Mark Dearth
|
0-0: Called Strike 0-1: Foul Ball, location: 2F 0-2: SINGLE (Line Drive, 56D, EV 98.8 MPH) Josh Corkery to third Elijah Hunter to second
|
Batting: LHB Jimmy Edlin
|
0-0: Ball 1-0: Fielders Choice at 2nd, 6-4 (Groundball, 6, EV 85.6 MPH)
|
Top of the 5th over - 0 runs, 2 hits, 0 errors, 3 left on base; Houston (WIN) 2 - New York (WIN) 0 |
BOTTOM OF THE 5TH |
New York (WIN) Yankees batting - Pitching for Houston (WIN) Astros : RHP Josh Willig
|
Batting: SHB Houston Phillips
|
0-0: Foul Ball, location: 2F 0-1: Ball 1-1: Ball 2-1: Called Strike 2-2: Ball 3-2: Base on Balls
|
Batting: RHB Christian Shearer
|
0-0: Swinging Strike 0-1: Ball 1-1: Swinging Strike 1-2: Strikes out swinging
|
Batting: SHB Jay Gagnon
|
0-0: Ball 1-0: Ball 2-0: Foul Ball, location: 2F 2-1: Ball 3-1: Called Strike 3-2: Base on Balls Houston Phillips to second
|
Batting: RHB Bryan Westray
|
0-0: Ball 1-0: Fly out, F8 (Flyball, 8RS, EV 86.9 MPH)
|
Batting: SHB Mukhtar Wa'il
|
0-0: Called Strike 0-1: Ball 1-1: Ball 2-1: SINGLE (Groundball, 34D, EV 105.0 MPH) Houston Phillips to third Jay Gagnon to second Runner from 3rd tries for Home, SAFE, throw by RF to home
|
Batting: LHB Jared Zulkowski
|
0-0: Ball 1-0: Swinging Strike 1-1: Foul Ball, location: 2F 1-2: SINGLE (Groundball, 4MD, EV 94.4 MPH) Jay Gagnon to third Mukhtar Wa'il to second Runner from 3rd tries for Home, SAFE, throw by CF to home
|
Batting: RHB Sam Hubbert
|
0-0: Called Strike 0-1: Swinging Strike 0-2: Strikes out swinging
|
Bottom of the 5th over - 2 runs, 2 hits, 0 errors, 2 left on base; Houston (WIN) 2 - New York (WIN) 2 |
TOP OF THE 6TH |
Houston (WIN) Astros batting - Pitching for New York (WIN) Yankees : LHP Nick Turner
|
Batting: RHB Alex Campos
|
0-0: Ball 1-0: SINGLE (Line Drive, 9S, EV 86.2 MPH)
|
Batting: RHB Omar Amaya
|
0-0: Swinging Strike 0-1: Swinging Strike 0-2: Strikes out looking
|
Pitching: RHP David Durr
|
|
Batting: LHB Bob Govella
|
0-0: Called Strike 0-1: Fielders Choice at 2nd, 3-6 (Groundball, 3, EV 80.6 MPH)
|
Batting: RHB Patrick Pinault
|
0-0: Ball 1-0: Ball 2-0: Foul Ball, location: 2F 2-1: Ball 3-1: SINGLE (Line Drive, 8LS, EV 88.8 MPH) Bob Govella to second
|
Batting: LHB Bob Dietz
|
0-0: Fielders Choice at 2nd, 6-4 (Groundball, 6, EV 87.5 MPH)
|
Top of the 6th over - 0 runs, 2 hits, 0 errors, 2 left on base; Houston (WIN) 2 - New York (WIN) 2 |
BOTTOM OF THE 6TH |
New York (WIN) Yankees batting - Pitching for Houston (WIN) Astros : RHP Josh Willig
|
Batting: SHB David Stewart
|
0-0: Ball 1-0: Called Strike 1-1: Ball 2-1: Ball 3-1: Base on Balls
|
Batting: RHB Phil Reeves
|
0-0: Ground out 5-3 (Groundball, 56S, EV 67.5 MPH) David Stewart to second
|
Batting: SHB Houston Phillips
|
0-0: Ball 1-0: SINGLE (Groundball, 56D, EV 80.0 MPH) (infield hit) David Stewart to third
|
Batting: RHB Christian Shearer
|
0-0: Ball 1-0: Ball 2-0: Called Strike 2-1: DOUBLE (Line Drive, 7LD, EV 105.0 MPH) David Stewart scores Houston Phillips to third Runner from 3rd tries for Home, SAFE, throw by LF to home
|
Batting: SHB Jay Gagnon
|
0-0: Ball 1-0: Swinging Strike 1-1: Ball 2-1: Ball 3-1: Base on Balls
|
Batting: RHB Bryan Westray
|
0-0: Ball 1-0: Reached on error, E5 (Groundball, 56, EV 101.2 MPH) Christian Shearer to third Jay Gagnon to second
|
Pitching: RHP Hector Carrillo
|
|
Batting: SHB Mukhtar Wa'il
|
0-0: Ball 1-0: Ball 2-0: Called Strike 2-1: Swinging Strike 2-2: Ball 3-2: Foul Ball, location: 2F 3-2: Strikes out swinging
|
Batting: LHB Jared Zulkowski
|
0-0: Foul Ball, location: 2F 0-1: Ball 1-1: Ball 2-1: Ball 3-1: Fly out, F8 (Flyball, 8LM, EV 80.6 MPH)
|
Bottom of the 6th over - 2 runs, 2 hits, 1 error, 3 left on base; Houston (WIN) 2 - New York (WIN) 4 |
TOP OF THE 7TH |
Houston (WIN) Astros batting - Pitching for New York (WIN) Yankees : RHP David Durr
|
Now at 1B: Bryan Westray
|
|
Now at 3B: Ben Kidder
|
|
Now in LF: Alex Colon
|
|
Now in RF: Phil Reeves
|
|
Batting: LHB Josh Corkery
|
0-0: Swinging Strike 0-1: Foul Ball, location: 2F 0-2: Strikes out looking
|
Batting: RHB Elijah Hunter
|
0-0: Ball 1-0: Swinging Strike 1-1: Called Strike 1-2: Fly out, F4 (Popup, 4S, EV 83.8 MPH)
|
Batting: LHB Mark Dearth
|
0-0: SINGLE (Groundball, 34D, EV 103.8 MPH)
|
Batting: LHB Jimmy Edlin
|
0-0: Called Strike 0-1: Called Strike 0-2: Strikes out looking
|
Top of the 7th over - 0 runs, 1 hit, 0 errors, 1 left on base; Houston (WIN) 2 - New York (WIN) 4 |
BOTTOM OF THE 7TH |
New York (WIN) Yankees batting - Pitching for Houston (WIN) Astros : RHP Hector Carrillo
|
Batting: RHB Sam Hubbert
|
0-0: Called Strike 0-1: Ground out U3 (Groundball, 34, EV 83.8 MPH)
|
Batting: SHB David Stewart
|
0-0: Foul Ball, location: 2F 0-1: Ball 1-1: Fly out, F9 (Line Drive, 9S, EV 95.0 MPH)
|
Batting: RHB Phil Reeves
|
0-0: Ball 1-0: Called Strike 1-1: Ground out 4-3 (Groundball, 4, EV 111.9 MPH)
|
Bottom of the 7th over - 0 runs, 0 hits, 0 errors, 0 left on base; Houston (WIN) 2 - New York (WIN) 4 |
TOP OF THE 8TH |
Houston (WIN) Astros batting - Pitching for New York (WIN) Yankees : RHP David Durr
|
Batting: RHB Alex Campos
|
0-0: Ball 1-0: Ball 2-0: Called Strike 2-1: Foul Ball, location: 2F 2-2: Ball 3-2: SINGLE (Flyball, 6MD, EV 81.2 MPH)
|
Pitching: RHP Ricky Mercer
|
|
Pinch Hitting: SHB Paskar Adegoke
|
0-0: Called Strike 0-1: Ball 1-1: Foul Ball, location: 2F 1-2: Ball 2-2: Ball 3-2: Fly out, F9 (Flyball, 89M, EV 90.6 MPH)
|
Batting: LHB Bob Govella
|
0-0: Called Strike 0-1: Grounds out, U3 (Groundball, 3L, EV 107.5 MPH)
|
Pinch Hitting: LHB Glenn Lowther
|
0-0: Swinging Strike 0-1: Ball 1-1: Foul Ball, location: 2F 1-2: Ball 2-2: Fly out, F7 (Flyball, 78D, EV 97.5 MPH)
|
Top of the 8th over - 0 runs, 1 hit, 0 errors, 1 left on base; Houston (WIN) 2 - New York (WIN) 4 |
BOTTOM OF THE 8TH |
New York (WIN) Yankees batting - Pitching for Houston (WIN) Astros : RHP Hector Carrillo
|
Now at 3B: Paskar Adegoke
|
|
Now in CF: Glenn Lowther
|
|
Batting: SHB Houston Phillips
|
0-0: Called Strike 0-1: Ball 1-1: Called Strike 1-2: Ball 2-2: Ground out U3 (Groundball, 3, EV 85.6 MPH)
|
Batting: RHB Alex Colon
|
0-0: Called Strike 0-1: Ball 1-1: Foul Ball, location: 2F 1-2: Ball 2-2: Ground out 4-3 (Groundball, 34D, EV 103.1 MPH)
|
Batting: SHB Jay Gagnon
|
0-0: Swinging Strike 0-1: Ball 1-1: Called Strike 1-2: Ball 2-2: Strikes out swinging
|
Bottom of the 8th over - 0 runs, 0 hits, 0 errors, 0 left on base; Houston (WIN) 2 - New York (WIN) 4 |
TOP OF THE 9TH |
Houston (WIN) Astros batting - Pitching for New York (WIN) Yankees : RHP Ricky Mercer
|
Pitching: RHP Mark Stafford
|
|
Batting: LHB Bob Dietz
|
0-0: Swinging Strike 0-1: Ball 1-1: Foul Ball, location: 2F 1-2: Strikes out looking
|
Batting: LHB Josh Corkery
|
0-0: Ball 1-0: Called Strike 1-1: Foul Ball, location: 2F 1-2: Ball 2-2: Ball 3-2: Base on Balls
|
Batting: RHB Elijah Hunter
|
0-0: Called Strike 0-1: Swinging Strike 0-2: Ball 1-2: Ball 2-2: Foul Ball, location: 2F 2-2: Foul Ball, location: 2F 2-2: Ball 3-2: Strikes out swinging Josh Corkery is caught stealing 2nd base 2-4 Batter strikes out.
|
Top of the 9th over - 0 runs, 0 hits, 0 errors, 0 left on base; Houston (WIN) 2 - New York (WIN) 4 |
|